[Event "Titled Tuesday Blitz August 16 Early 2022"]
[White "Tica, Sven"]
[Black "Gheorghiu, Calin"]
[WhiteFideId "14526948"]
[BlackFideId "1200305"]
[WhiteElo "2350"]
[BlackElo "2168"]
[Result "1-0"]
[Round "09"]
[TimeControl "180+1"]
[Date "2022.08.16"]
[WhiteClock "0:00:43"]
[BlackClock "0:00:02"]

1. e4 c5 2. Nc3 d6 3. f4 g6 4. Nf3 Bg7 5. Bb5+ Bd7 6. Bc4 e6 7. O-O Ne7 8. d3 O-O 9. Qe1 Nbc6 10. f5 gxf5 11. Qg3 Nd4 12. Nxd4 cxd4 13. Ne2 fxe4 14. dxe4 Ng6 15. Bg5 Qb6 16. Bd3 e5 17. h4 h5 18. Qf2 f6 19. Bd2 Bg4 20. Ng3 Nxh4 21. Bc4+ Kh7 22. Nxh5 Bxh5 23. Qxh4 d3+ 24. Kh2 Kg6 25. Qg3+ Kh7 26. Rf5 Bh6 27. Rxh5 1-0


[Site "https://www.chess.com"]

[Event "Titled Tuesday Blitz August 16 Early 2022"]
[White "Turzo, Attila"]
[Black "Nugumanov, Bakhtiyar"]
[WhiteFideId "704954"]
[BlackFideId "13701797"]
[WhiteElo "2298"]
[BlackElo "2287"]
[Result "1-0"]
[Round "09"]
[TimeControl "180+2"]
[Date "2022.08.18"]
[WhiteClock "0:00:00"]
[BlackClock "0:00:00"]

1. e4 d6 2. d4 Nf6 3. Nc3 g6 4. Nf3 Bg7 5. h3 O-O 6. Be3 a6 7. a4 d5 8. e5 Ne4 9. Bd3 Nxc3 10. bxc3 c5 11. O-O Nc6 12. Qd2 c4 13. Be2 Bf5 14. Nh4 Bd7 15. Bh6 f6 16. Bxg7 Kxg7 17. f4 e6 18. Nf3 fxe5 19. dxe5 Qb6+ 20. Kh2 Ne7 21. g4 Rf7 22. Ng5 Rff8 23. Nf3 Rad8 24. Nd4 Nc6 25. Rf2 Qa5 26. Raf1 Nxd4 27. Qxd4 Bxa4 28. f5 exf5 29. gxf5 Qc7 30. f6+ Kg8 31. Kh1 Bxc2 32. e6 Be4+ 33. Bf3 Bxf3+ 34. Rxf3 Rf7 35. exf7+ Qxf7 36. Re3 Re8 37. Rxe8+ Qxe8 38. f7+ Qxf7 39. Rxf7 Kxf7 40. Qxd5+ 1-0


[Site "https://www.chess.com"]

[Event "Titled Tuesday Blitz August 16 Early 2022"]
[White "Vachylia, Andrii"]
[Black "Xu, Yi"]
[WhiteFideId "14137224"]
[BlackFideId "8605564"]
[WhiteElo "2318"]
[BlackElo "2471"]
[Result "0-1"]
[Round "09"]
[TimeControl "180+1"]
[Date "2022.08.16"]
[WhiteClock "0:00:07"]
[BlackClock "0:00:08"]

1. e4 c6 2. d4 d5 3. Nc3 dxe4 4. Nxe4 Nf6 5. Nxf6+ exf6 6. c3 Bd6 7. Bd3 O-O 8. Qc2 h5 9. Ne2 h4 10. Be3 Re8 11. O-O Nd7 12. h3 Nf8 13. Rfe1 Bb8 14. Qd2 Qd6 15. f4 Bc7 16. Kf2 f5 17. Ng1 Qh6 18. Nf3 Be6 19. Ng5 g6 20. Kg1 Rad8 21. Qf2 Bd5 22. c4 Be4 23. Nxe4 fxe4 24. Bc2 f5 25. d5 cxd5 26. cxd5 Bd6 27. Rac1 Nd7 28. Ba4 Re7 29. Rc2 Nf6 30. Rec1 Kh7 31. Bb3 Rg8 32. Rc8 Rxc8 33. Rxc8 Re8 34. Rc3 a6 35. Bd4 Nh5 36. Be5 Rxe5 37. fxe5 Bxe5 38. d6 Bxc3 39. bxc3 Qc1+ 40. Kh2 Ng3 41. Qg1 Nf1+ 42. Kh1 Ng3+ 43. Kh2 Qf4 44. d7 Ne2+ 45. Kh1 Nxg1 46. d8=Q Ne2 47. Qg8+ Kh6 48. Qh8+ Kg5 49. Qd8+ Kh5 50. Qd1 Qc1 51. Kh2 Qxc3 52. Qxe2+ Kh6 53. Qf2 Qc7+ 54. Kg1 Qc1+ 55. Kh2 Kg5 56. Qe2 Qf4+ 57. Kg1 e3 58. Qf3 Qd4 59. Qe2 b5 60. Kh2 Qf4+ 61. Kg1 Qd4 62. Kh2 Qe5+ 63. Kg1 a5 64. Bc2 a4 65. Bd3 b4 66. Bc4 Qa1+ 67. Kh2 Qe5+ 68. Kg1 Qc3 69. Qd3 Qe1+ 70. Kh2 Qg3+ 71. Kg1 Qf2+ 72. Kh2 b3 73. axb3 a3 74. b4 Qg3+ 75. Kg1 Qe1+ 76. Kh2 Qg3+ 77. Kg1 Qf2+ 78. Kh2 e2 79. Qd2+ Qf4+ 80. Qxf4+ Kxf4 81. Bxe2 a2 82. b5 a1=Q 83. b6 Qe5 84. Bf3 Ke3+ 85. Kh1 Kf2 86. b7 Qe1+ 87. Kh2 Qg1# 0-1


[Site "https://www.chess.com"]

[Event "Titled Tuesday Blitz August 16 Early 2022"]
[White "Veiga, Jose Francisco R P Neves"]
[Black "Sourath Biswas"]
[WhiteFideId "1930087"]
[BlackFideId "35091484"]
[WhiteElo "2273"]
[BlackElo "1777"]
[Result "0-1"]
[Round "09"]
[TimeControl "180+2"]
[Date "2022.08.18"]
[WhiteClock "0:00:00"]
[BlackClock "0:00:00"]

1. e4 c6 2. Nc3 d5 3. Nf3 Bg4 4. h3 Bxf3 5. Qxf3 e6 6. d4 Nf6 7. Be2 dxe4 8. Nxe4 Qxd4 9. Nxf6+ Qxf6 10. Qb3 b6 11. O-O Nd7 12. Rd1 Bc5 13. Bf3 Ne5 0-1


[Site "https://www.chess.com"]

[Event "Titled Tuesday Blitz August 16 Early 2022"]
[White "Volkov, Maksim"]
[Black "Martic, Ivan"]
[WhiteFideId "54123070"]
[BlackFideId "929301"]
[WhiteElo "2155"]
[BlackElo "2355"]
[Result "0-1"]
[Round "09"]
[TimeControl "180+2"]
[Date "2022.08.18"]
[WhiteClock "0:00:00"]
[BlackClock "0:00:00"]

1. d4 Nf6 2. c4 g6 3. g3 Bg7 4. Bg2 d5 5. cxd5 Nxd5 6. e4 Nb6 7. Ne2 O-O 8. O-O Nc6 9. Be3 Nc4 10. e5 Nxe3 11. fxe3 Nb4 12. Nbc3 c5 13. a3 Nc6 14. b4 cxb4 15. axb4 Nxb4 16. Qa4 a5 17. Qb5 Nc2 18. Ra2 Nxe3 19. Rb1 Nxg2 20. Kxg2 Be6 21. Rd2 Bf5 22. Ra1 Qc8 23. Rxa5 Bh3+ 24. Kg1 Bh6 25. Rxa8 Be3+ 26. Kh1 Qxa8 27. Rd1 Rc8 28. d5 Qa3 29. Qd3 Bh6 30. d6 exd6 31. exd6 Bd7 32. Kg1 Qc5+ 33. Kg2 Bc6+ 34. Kf1 Qh5 35. h4 Qg4 36. Nd5 Qh3+ 37. Kg1 Bxd5 38. Qxd5 Be3# 0-1


[Site "https://www.chess.com"]

[Event "Titled Tuesday Blitz August 16 Early 2022"]
[White "Vovk, Orest"]
[Black "Santos Ruiz, Miguel"]
[WhiteFideId "14113490"]
[BlackFideId "22291482"]
[WhiteElo "2203"]
[BlackElo "2478"]
[Result "0-1"]
[Round "09"]
[TimeControl "180+1"]
[Date "2022.08.16"]
[WhiteClock "0:00:02"]
[BlackClock "0:00:11"]

1. h4 a5 2. h5 a4 3. a3 d5 4. e4 dxe4 5. Nc3 Nf6 6. Rh4 e5 7. Nxe4 Nxe4 8. Rxe4 Bd6 9. g4 O-O 10. Bc4 Nd7 11. d3 Nc5 12. Re3 Qh4 13. Rh3 Qxg4 14. Qxg4 Bxg4 15. Rh4 Bf5 16. Be3 Be7 17. Rh2 b5 18. Bd5 Rab8 19. Nf3 Bd6 20. Rh4 Be6 21. Bxe6 Nxe6 22. Ng5 Nxg5 23. Bxg5 f6 24. Bd2 Kf7 25. O-O-O Rfd8 26. Be3 Bf8 27. d4 exd4 28. Rhxd4 Rxd4 29. Rxd4 Ke6 30. Re4+ Kf5 31. Rd4 Bd6 32. c4 Be5 33. Rh4 bxc4 34. Rxc4 Bxb2+ 35. Kc2 Bxa3 36. Rxa4 Bd6 37. Ra5+ Kg4 38. Kd3 f5 39. h6 gxh6 40. Bxh6 f4 41. Rg5+ Kf3 42. Rg7 Kxf2 43. Rxh7 Rb3+ 44. Ke4 Re3+ 45. Kf5 f3 46. Bxe3+ Kxe3 47. Kg4 f2 48. Rf7 Ke2 49. Rxf2+ Kxf2 50. Kf5 Ke3 0-1


[Site "https://www.chess.com"]

[Event "Titled Tuesday Blitz August 16 Early 2022"]
[White "Vrbljanac, Aleksandar"]
[Black "Aradhya, Garg"]
[WhiteFideId "932817"]
[BlackFideId "25006746"]
[WhiteElo "2309"]
[BlackElo "2203"]
[Result "1/2-1/2"]
[Round "09"]
[TimeControl "180+1"]
[Date "2022.08.16"]
[WhiteClock "0:00:09"]
[BlackClock "0:00:18"]

1. e4 e5 2. Nf3 Nc6 3. Bc4 Nf6 4. d3 Bc5 5. c3 O-O 6. O-O d6 7. Nbd2 a5 8. Bb3 Be6 9. Bc2 d5 10. Qe2 Re8 11. Re1 h6 12. Nf1 b5 13. exd5 Bxd5 14. Ng3 a4 15. Nh4 b4 16. Nhf5 a3 17. c4 Nd4 18. Qd1 Bc6 19. b3 Qd7 20. Be3 Rad8 21. Bb1 Bb6 22. Nh4 Qg4 23. Qxg4 Nxg4 24. Nhf5 Kh7 25. Bxd4 exd4 26. Bc2 g6 27. Nh4 Bc5 28. h3 Nf6 29. Nf3 Bxf3 30. gxf3 Bd6 31. Kf1 Bxg3 32. fxg3 c5 33. Rxe8 Rxe8 34. Re1 Rxe1+ 35. Kxe1 Nh5 36. Kf2 f5 37. f4 Nf6 38. Bd1 g5 39. Bf3 Kg6 40. Be2 g4 41. h4 Ne8 42. Bf1 h5 43. Be2 Nd6 44. Bd1 Kf6 45. Bc2 Nb7 46. Bd1 Na5 47. Bc2 Ke6 48. Bd1 Kd6 49. Bc2 Ke7 50. Bd1 Kf6 51. Bc2 Nc6 52. Bd1 Ne7 53. Bc2 Nc8 54. Bd1 Nd6 55. Bc2 Nb7 56. Bd1 Nd8 57. Bc2 Nc6 58. Bd1 Na5 1/2-1/2


[Site "https://www.chess.com"]

[Event "Titled Tuesday Blitz August 16 Early 2022"]
[White "Wagner, Dennis"]
[Black "Aldokhin, Ivan"]
[WhiteFideId "24650684"]
[BlackFideId "24115720"]
[WhiteElo "2355"]
[BlackElo "2246"]
[Result "1-0"]
[Round "09"]
[TimeControl "180+1"]
[Date "2022.08.16"]
[WhiteClock "0:00:35"]
[BlackClock "0:00:03"]

1. Nf3 Nf6 2. c4 g6 3. g3 Bg7 4. Bg2 d6 5. d4 O-O 6. Nc3 Nbd7 7. O-O e5 8. e4 exd4 9. Nxd4 Re8 10. h3 a6 11. Re1 Rb8 12. Be3 Ne5 13. b3 c5 14. Nde2 b5 15. f4 Neg4 16. hxg4 Nxg4 17. Bd2 bxc4 18. bxc4 Be6 19. Qa4 Rb4 20. Qxa6 Bxc4 21. Qc6 Rb6 22. Qa4 Rb4 23. Qc2 Qb6 24. Rab1 Bd3 25. Qxd3 c4+ 26. Be3 Nxe3 27. Rxb4 Qa7 28. Qxd6 Nc2+ 29. Qb6 Qe7 30. Nd5 Qd8 31. Qxd8 Rxd8 32. Reb1 Nxb4 33. Rxb4 c3 34. Nexc3 1-0


[Site "https://www.chess.com"]

[Event "Titled Tuesday Blitz August 16 Early 2022"]
[White "Yurovskykh, Oleksandr"]
[Black "Kotepalli, Sai Nirupama"]
[WhiteFideId "14134020"]
[BlackFideId "5039444"]
[WhiteElo "2292"]
[BlackElo "1910"]
[Result "1-0"]
[Round "09"]
[TimeControl "180+2"]
[Date "2022.08.18"]
[WhiteClock "0:00:00"]
[BlackClock "0:00:00"]

1. d4 g6 2. e4 Bg7 3. c3 d6 4. Bg5 h6 5. Bh4 Nd7 6. Nd2 Ngf6 7. Ngf3 c5 8. d5 Qb6 9. Qc2 O-O 10. Be2 a6 11. a4 Re8 12. O-O Nf8 13. Nc4 Qc7 14. a5 e5 15. Nb6 Rb8 16. Nxc8 Rbxc8 17. Nd2 N8h7 18. Nc4 Nd7 19. Ra3 Rb8 20. Rb3 Bf6 21. Bg3 Bg7 22. Ra1 Rf8 23. Bd3 Ng5 24. f3 Nh7 25. Bf2 Rbe8 26. Re1 Nhf6 27. Be3 Nh5 28. Ra3 Nf4 29. Bf1 f5 30. exf5 gxf5 31. Bxf4 exf4 32. Raa1 Ne5 33. Nxe5 dxe5 34. Bd3 Qd7 35. Qa4 Qxa4 36. Rxa4 h5 37. Ra3 Bh6 38. Rb3 Rf7 39. d6 Bg7 40. Bc4 e4 41. Bxf7+ Kxf7 42. Rxb7+ Kf6 43. fxe4 1-0


[Site "https://www.chess.com"]

[Event "Titled Tuesday Blitz August 16 Early 2022"]
[White "Zemlyanskii, Ivan"]
[Black "Yeletsky, Ivan"]
[WhiteFideId "24249971"]
[BlackFideId "24180327"]
[WhiteElo "1879"]
[BlackElo "2293"]
[Result "0-1"]
[Round "09"]
[TimeControl "180+1"]
[Date "2022.08.16"]
[WhiteClock "0:00:16"]
[BlackClock "0:00:09"]

1. d4 d5 2. c4 e6 3. Nf3 c5 4. e3 Nf6 5. cxd5 exd5 6. Bb5+ Nc6 7. O-O cxd4 8. Nxd4 Bd7 9. Nc3 Bd6 10. b3 O-O 11. Bb2 Re8 12. Rc1 Nxd4 13. Bxd7 Qxd7 14. Qxd4 Be5 15. Qa4 Qf5 16. h3 h5 17. Rfd1 a6 18. Ba1 Rad8 19. Ne2 Ne4 20. Rf1 Bxa1 21. Rxa1 Rc8 22. Qb4 Rc7 23. Rad1 Rec8 24. Qa5 Rc5 25. Qb6 Rb5 26. Qd4 Rbc5 27. Nf4 Nc3 28. Rd2 h4 29. Qb4 R8c7 30. Qd4 Qe4 31. Qxe4 dxe4 32. Rd8+ Kh7 33. a4 b5 34. axb5 Rxb5 35. Ra1 Rc6 36. Ra3 Rf6 37. Rc8 Nd1 38. Ra4 Rxb3 39. Rxe4 Rb1 40. Ree8 Nxe3+ 41. Kh2 Nf1+ 42. Kg1 Ng3+ 43. Kh2 Rh1# 0-1


[Site "https://www.chess.com"]

[Event "Titled Tuesday Blitz August 16 Early 2022"]
[White "Zenin, Dmitry"]
[Black "Voege, Tobias"]
[WhiteFideId "4127897"]
[BlackFideId "1270513"]
[WhiteElo "2215"]
[BlackElo "2360"]
[Result "0-1"]
[Round "09"]
[TimeControl "180+2"]
[Date "2022.08.18"]
[WhiteClock "0:00:00"]
[BlackClock "0:00:00"]

1. c4 e5 2. Nc3 Nf6 3. g3 c6 4. e4 d5 5. exd5 cxd5 6. cxd5 Nxd5 7. Bg2 Nc7 8. Nf3 Nc6 9. O-O Bg4 10. Qa4 Qd7 11. Re1 f6 12. d4 Bxf3 13. Bxf3 Nxd4 14. Qxd7+ Kxd7 15. Bxb7 Rb8 16. Be4 f5 17. Bg2 Bd6 18. Rd1 Nce6 19. b3 Rhc8 20. Nd5 Ne2+ 21. Kf1 Nxc1 22. Raxc1 Rxc1 23. Rxc1 Ba3 24. Rc4 Rc8 25. Rxc8 Kxc8 26. Ke2 Kd7 27. Kd3 Kd6 28. Kc4 Bc5 29. f4 e4 30. g4 g6 31. gxf5 gxf5 32. Bh3 Ng7 33. b4 Bg1 34. Nf6 h6 0-1


[Site "https://www.chess.com"]

[Event "Titled Tuesday Blitz August 16 Early 2022"]
[White "Zhigalko, Sergei"]
[Black "Beerdsen, Thomas"]
[WhiteFideId "13502956"]
[BlackFideId "1030108"]
[WhiteElo "2662"]
[BlackElo "2567"]
[Result "1-0"]
[Round "09"]
[TimeControl "180+1"]
[Date "2022.08.16"]
[WhiteClock "0:00:53"]
[BlackClock "0:01:36"]

1. e4 e5 2. Nf3 Nc6 3. Bc4 Bc5 4. b4 Bxb4 5. c3 Ba5 6. d4 b5 7. Bxb5 Nxd4 8. Nxd4 exd4 9. O-O c6 10. Bc4 Nf6 11. Ba3 d6 12. e5 dxe5 13. Qb3 Nd5 14. Nd2 Bc7 15. cxd4 exd4 16. Rfe1+ Be6 17. Qb7 Ne7 18. Bxe6 fxe6 19. Rxe6 O-O 20. Rxe7 Rc8 21. Rae1 Qd5 22. Rxc7 Rce8 23. Rxg7+ Kh8 24. Rxh7+ Kg8 25. Qg7# 1-0


[Site "https://www.chess.com"]

[Event "Titled Tuesday Blitz August 16 Early 2022"]
[White "Ajay Krishna, S"]
[Black "Garrido, Denis"]
[WhiteFideId "5096430"]
[BlackFideId "601217"]
[WhiteElo "2247"]
[BlackElo "2205"]
[Result "1-0"]
[Round "10"]
[TimeControl "180+2"]
[Date "2022.08.18"]
[WhiteClock "0:00:00"]
[BlackClock "0:00:00"]

1. Nf3 c5 2. e4 e6 3. d4 cxd4 4. Nxd4 Nf6 5. Nc3 d6 6. g3 Nc6 7. Bg2 Bd7 8. O-O a6 9. h3 Be7 10. Be3 O-O 11. g4 Nxd4 12. Bxd4 Bc6 13. g5 Nd7 14. f4 b5 15. h4 b4 16. Ne2 e5 17. Be3 exf4 18. Nxf4 Ne5 19. Nd5 Re8 20. Bd4 Bxd5 21. exd5 Qd7 22. a3 a5 23. axb4 axb4 24. Rxa8 Rxa8 25. Bxe5 dxe5 26. d6 Qa7+ 27. Kh1 Bd8 28. Bxa8 Qxa8+ 29. Qf3 Qa7 30. d7 Qxd7 31. Rd1 Qe8 32. Qa8 1-0


[Site "https://www.chess.com"]

[Event "Titled Tuesday Blitz August 16 Early 2022"]
[White "Alexikov, Alexander"]
[Black "Lebedev, Artem S."]
[WhiteFideId "14103958"]
[BlackFideId "34272747"]
[WhiteElo "2253"]
[BlackElo "1699"]
[Result "1-0"]
[Round "10"]
[TimeControl "180+2"]
[Date "2022.08.18"]
[WhiteClock "0:00:00"]
[BlackClock "0:00:00"]

1. e4 e5 2. Nf3 Nc6 3. c3 Nf6 4. d4 exd4 5. e5 Nd5 6. Bb5 a6 7. Ba4 Bc5 8. O-O O-O 9. cxd4 Bb6 10. Nc3 Nxc3 11. bxc3 d6 12. Ba3 Bg4 13. h3 Bh5 14. Re1 Re8 15. exd6 Rxe1+ 16. Qxe1 Bxf3 17. gxf3 cxd6 18. Qe4 d5 19. Qg4 Qe8 20. Kf1 Ba5 21. Re1 Qc8 22. Re3 f5 23. Qf4 Bc7 24. Bd6 Ba5 25. Kg2 Qd7 26. Be5 b5 27. Bb3 b4 28. c4 dxc4 29. Bxc4+ Kh8 30. Qg5 Nxe5 31. dxe5 Bb6 32. e6 Qd4 33. e7 Qd7 34. Bb3 Rc8 35. Re5 Bd4 36. Rxf5 Bxf2 37. Rf8+ 1-0


[Site "https://www.chess.com"]

[Event "Titled Tuesday Blitz August 16 Early 2022"]
[White "Andreikin, Dmitry"]
[Black "Pakleza, Zbigniew"]
[WhiteFideId "4158814"]
[BlackFideId "1119290"]
[WhiteElo "2736"]
[BlackElo "2411"]
[Result "1-0"]
[Round "10"]
[TimeControl "180+1"]
[Date "2022.08.16"]
[WhiteClock "0:00:41"]
[BlackClock "0:00:01"]

1. e4 d6 2. f4 Nf6 3. Nc3 d5 4. d3 dxe4 5. dxe4 Qxd1+ 6. Kxd1 Nc6 7. Nf3 Bg4 8. Be3 e5 9. h3 O-O-O+ 10. Bd3 Bxf3+ 11. gxf3 exf4 12. Bxf4 Nh5 13. Be3 Ne5 14. Kc1 c6 15. Rd1 Bd6 16. Bf1 Ng6 17. Ne2 a6 18. c3 Nhf4 19. Kc2 Nxe2 20. Bxe2 Bf4 21. Bb6 Bc7 22. Bd4 Nf4 23. Bc4 f6 24. a4 Be5 25. Bb6 Bc7 26. Be3 Kb8 27. b4 Nxh3 28. b5 Rxd1 29. Rxd1 axb5 30. axb5 cxb5 31. Bxb5 Ng5 32. Be2 h5 33. Rb1 h4 34. Ba6 b6 35. Bc4 h3 36. Bd5 h2 37. Ra1 Bd8 38. Bf4+ Kc8 39. Bc6 1-0


[Site "https://www.chess.com"]

[Event "Titled Tuesday Blitz August 16 Early 2022"]
[White "Aradhya, Garg"]
[Black "Przybylski, Wojciech"]
[WhiteFideId "25006746"]
[BlackFideId "1117599"]
[WhiteElo "2203"]
[BlackElo "2133"]
[Result "1-0"]
[Round "10"]
[TimeControl "180+1"]
[Date "2022.08.16"]
[WhiteClock "0:00:21"]
[BlackClock "0:00:02"]

1. d4 Nf6 2. c4 c6 3. Bf4 d5 4. e3 Bf5 5. Nc3 e6 6. Qb3 Qc8 7. Rc1 dxc4 8. Bxc4 Nbd7 9. Nf3 Be7 10. O-O O-O 11. h3 Ne4 12. Rfd1 Nb6 13. Be2 Nxc3 14. bxc3 c5 15. Ne5 f6 16. Nf3 c4 17. Qb5 Be4 18. Nd2 Bc6 19. Qb2 Ba4 20. Re1 Qc6 21. e4 Rac8 22. Bg4 Rce8 23. h4 f5 24. Bf3 Qd7 25. exf5 exf5 26. h5 Bc6 27. a4 Nd5 28. Be5 Bg5 29. a5 h6 30. Rb1 a6 31. Nxc4 f4 32. Nd6 Re7 33. c4 Nf6 34. d5 Ba4 35. Qxb7 Bc2 36. Qxd7 Nxd7 37. Bd4 Bxb1 38. Rxb1 1-0


[Site "https://www.chess.com"]

[Event "Titled Tuesday Blitz August 16 Early 2022"]
[White "Ardila, Oscar Humberto"]
[Black "Lehtosaari, Mauri"]
[WhiteFideId "4404742"]
[BlackFideId "501999"]
[WhiteElo "1939"]
[BlackElo "2200"]
[Result "1-0"]
[Round "10"]
[TimeControl "180+2"]
[Date "2022.08.18"]
[WhiteClock "0:00:00"]
[BlackClock "0:00:00"]

1. d4 d5 2. c4 c6 3. e3 Nf6 4. Nf3 Bg4 5. Nbd2 e6 6. Be2 Nbd7 7. O-O Bd6 8. h3 Bh5 9. b3 O-O 10. Qc2 Rc8 11. a4 a6 12. Ba3 Bxa3 13. Rxa3 Qe7 14. Raa1 e5 15. Rfe1 Bg6 16. Qb2 Rfe8 17. dxe5 Nxe5 18. Nxe5 Qxe5 19. Qxe5 Rxe5 20. Nf3 Ree8 21. cxd5 Nxd5 22. Bc4 Rcd8 23. Rac1 Nb4 24. Red1 Kf8 25. Nh4 Bc2 26. Rxd8 Rxd8 27. Nf3 b5 28. axb5 cxb5 29. Bf1 Rd1 30. Rxd1 Bxd1 31. Nd4 Ke7 32. f4 g6 33. Kf2 Bc2 34. Ke1 Be4 35. Kd2 Kd6 36. g4 Nd5 37. Bd3 Bg2 38. h4 Kc5 39. Bc2 Bh3 40. g5 Bd7 41. f5 a5 42. f6 a4 43. bxa4 bxa4 44. h5 gxh5 45. Bxh7 h4 46. Be4 a3 47. g6 Nxf6 48. gxf7 Nxe4+ 49. Kc2 Ba4+ 50. Kb1 Nc3+ 51. Ka1 Kc4 52. f8=Q a2 53. Qa3 Kd3 54. Kb2 a1=Q+ 55. Qxa1 Nd1+ 56. Ka3 Nxe3 57. Kxa4 1-0


[Site "https://www.chess.com"]

[Event "Titled Tuesday Blitz August 16 Early 2022"]
[White "Atanasov, Anthony"]
[Black "Begunov, Konstantin"]
[WhiteFideId "2623897"]
[BlackFideId "4118510"]
[WhiteElo "1928"]
[BlackElo "2262"]
[Result "0-1"]
[Round "10"]
[TimeControl "180+2"]
[Date "2022.08.18"]
[WhiteClock "0:00:00"]
[BlackClock "0:00:00"]

1. e4 c5 2. Nf3 d6 3. d4 cxd4 4. Nxd4 Nf6 5. Nc3 a6 6. Nb3 e6 7. g4 h6 8. h4 b5 9. Bg2 Bb7 10. g5 hxg5 11. hxg5 Rxh1+ 12. Bxh1 b4 13. Nd5 Nxd5 14. exd5 g6 15. Qg4 e5 16. Qxb4 Bc8 17. Na5 Be7 18. Nc6 Nxc6 19. dxc6 Qc7 20. Bd5 Be6 21. Qc4 Bxd5 22. Qxd5 Rc8 23. c4 Qxc6 24. Qxc6+ Rxc6 25. b3 Kd7 26. Be3 Ke6 27. Rd1 Kf5 28. f4 exf4 29. Rd5+ Ke4 30. Bf2 Rc8 31. Rd4+ Kf5 32. Rd5+ Kg4 33. Ke2 Rh8 34. b4 Rh3 35. c5 dxc5 36. bxc5 Rc3 37. Kd2 Rc4 38. Kd3 Rc1 39. Rd7 Bxc5 40. Rc7 Be3 41. Rxc1 Bxc1 42. Ke4 Kxg5 43. Kf3 f5 44. Bd4 Be3 45. Be5 Kh5 46. a4 g5 47. Bd6 g4+ 48. Kg2 f3+ 49. Kg3 f4+ 50. Kh2 g3+ 51. Kh3 Kg5 52. a5 g2 53. Be7+ Kf5 54. Bd6 g1=Q 55. Bxf4 Qg2+ 56. Kh4 Qg4# 0-1


[Site "https://www.chess.com"]

[Event "Titled Tuesday Blitz August 16 Early 2022"]
[White "Averjanov, Alexey"]
[Black "Sanchez, Robert"]
[WhiteFideId "14109867"]
[BlackFideId "2034360"]
[WhiteElo "2399"]
[BlackElo "1966"]
[Result "1-0"]
[Round "10"]
[TimeControl "180+2"]
[Date "2022.08.18"]
[WhiteClock "0:00:00"]
[BlackClock "0:00:00"]

1. d4 d5 2. c4 c6 3. e3 Nf6 4. Bd3 g6 5. Nc3 Bg7 6. Nge2 O-O 7. O-O dxc4 8. Bxc4 Nbd7 9. Nf4 e5 10. dxe5 Nxe5 11. Be2 Qc7 12. b3 Rd8 13. Qc2 Bf5 14. e4 Bg4 15. f3 Bc8 16. Be3 b6 17. Rfd1 Bb7 18. Rxd8+ Rxd8 19. Rd1 Bh6 20. Rxd8+ Qxd8 21. Qd2 Qxd2 22. Bxd2 Nh5 23. g3 Nxf4 24. Bxf4 Bxf4 25. gxf4 Nd7 26. Kf2 Kf8 27. Ke3 Ke7 28. e5 Nc5 29. Ne4 Nxe4 30. fxe4 c5 31. Bc4 Bc8 32. Bd5 Be6 33. h4 h6 34. a3 Kd7 35. Kd3 b5 36. a4 a6 37. a5 Kc7 38. Ke3 Kd7 39. Kd3 Kc7 40. Kc3 Kd7 41. Bb7 b4+ 42. Kb2 c4 43. bxc4 Bxc4 44. Bd5 Bxd5 45. exd5 f6 46. exf6 Ke8 47. Kb3 Kf7 48. Kxb4 Kxf6 49. Kc5 Ke7 50. Kc6 1-0


[Site "https://www.chess.com"]

[Event "Titled Tuesday Blitz August 16 Early 2022"]
[White "Babazada, Khazar"]
[Black "Santos Ruiz, Miguel"]
[WhiteFideId "13413554"]
[BlackFideId "22291482"]
[WhiteElo "2409"]
[BlackElo "2478"]
[Result "1-0"]
[Round "10"]
[TimeControl "180+1"]
[Date "2022.08.16"]
[WhiteClock "0:00:09"]
[BlackClock "0:00:12"]

1. Nf3 d5 2. g3 Nf6 3. Bg2 Nbd7 4. O-O c6 5. d3 e5 6. Nbd2 Bd6 7. e4 dxe4 8. dxe4 O-O 9. Qe2 Re8 10. Nc4 Bf8 11. Rd1 Qc7 12. a4 b6 13. b3 Nc5 14. Bb2 Nfd7 15. Bh3 Ba6 16. Nh4 Nf6 17. Bg2 g6 18. b4 Ncd7 19. Bc3 Rad8 20. Bf1 Bb7 21. Bg2 Ba6 22. Bf1 Bb7 23. f3 Nh5 24. Ng2 Ng7 25. Nge3 h5 26. Bh3 Ne6 27. Bxe6 Rxe6 28. Rd2 Rde8 29. Rad1 Bc8 30. Rd3 Nf6 31. Qd2 h4 32. Kg2 Nh7 33. Ng4 Nf6 34. Ngxe5 Rxe5 35. Nxe5 Rxe5 36. Qf4 h3+ 37. Kg1 1-0


[Site "https://www.chess.com"]

[Event "Titled Tuesday Blitz August 16 Early 2022"]
[White "Barria Zuniga, Daniel"]
[Black "Ianov, Viktor"]
[WhiteFideId "3400816"]
[BlackFideId "14102730"]
[WhiteElo "2414"]
[BlackElo "2152"]
[Result "0-1"]
[Round "10"]
[TimeControl "180+2"]
[Date "2022.08.18"]
[WhiteClock "0:00:00"]
[BlackClock "0:00:00"]

1. d4 d6 2. Nf3 g6 3. c4 Bg7 4. Nc3 Bg4 5. e4 Nc6 6. Be3 e5 7. d5 Nd4 8. Nb5 Nxf3+ 9. gxf3 Bd7 10. c5 a6 11. Nc3 Bh6 12. Qd2 Bxe3 13. Qxe3 Nf6 14. cxd6 cxd6 15. f4 exf4 16. Qxf4 Qe7 17. O-O-O Rc8 18. Bd3 O-O 19. Kb1 b5 20. Rhe1 Ng4 21. Qg3 b4 22. Ne2 Ne5 23. Nd4 Kh8 24. f4 Nxd3 25. Qxd3 Qf6 26. Qg3 Rc4 27. e5 Qg7 28. Qd3 Rfc8 29. e6 fxe6 30. dxe6 Be8 31. f5 a5 32. Qe3 gxf5 33. Qf4 Qg4 34. Qxd6 f4 35. Qe5+ Qg7 36. Qxf4 Bg6+ 37. Ka1 Qe7 38. h4 a4 39. h5 Be8 40. Rg1 R4c5 41. Rdf1 Bxh5 42. Nf5 Qf6 43. Qg5 Qxg5 44. Rxg5 Rc1+ 0-1


[Site "https://www.chess.com"]

[Event "Titled Tuesday Blitz August 16 Early 2022"]
[White "Beerdsen, Thomas"]
[Black "Tica, Sven"]
[WhiteFideId "1030108"]
[BlackFideId "14526948"]
[WhiteElo "2567"]
[BlackElo "2350"]
[Result "0-1"]
[Round "10"]
[TimeControl "180+1"]
[Date "2022.08.16"]
[WhiteClock "0:01:36"]
[BlackClock "0:01:12"]

1. e4 g6 2. d4 Bg7 3. Nf3 d6 4. Bc4 e6 5. Bb3 Ne7 6. h4 h6 7. Nc3 Nd7 8. Bf4 b6 9. a4 a6 10. Qd2 Bb7 11. O-O-O Nf6 12. Qe2 Qd7 13. Kb1 d5 14. Ne5 Qd8 15. f3 c6 16. g4 b5 17. g5 Nh5 18. gxh6 Bf8 19. Bh2 Bxh6 20. exd5 exd5 21. Rde1 O-O 22. Rhg1 Nf5 23. Ne4 Nxd4 24. Qd3 dxe4 25. Rxe4 Nxb3 26. Qxb3 Qd5 0-1


[Site "https://www.chess.com"]

[Event "Titled Tuesday Blitz August 16 Early 2022"]
[White "Bilych, Olexiy"]
[Black "Skawinski, Arkadiusz"]
[WhiteFideId "14156504"]
[BlackFideId "1126415"]
[WhiteElo "2157"]
[BlackElo "2149"]
[Result "0-1"]
[Round "10"]
[TimeControl "180+1"]
[Date "2022.08.16"]
[WhiteClock "0:00:09"]
[BlackClock "0:01:16"]

1. e4 e6 2. d4 d5 3. Nc3 Bb4 4. e5 c5 5. a3 Bxc3+ 6. bxc3 Qa5 7. Bd2 Qa4 8. Nf3 Ne7 9. Be2 b6 10. c4 dxc4 11. dxc5 Bb7 12. O-O O-O 13. c3 Qxd1 14. Rfxd1 Rc8 15. Bxc4 Rxc5 16. Bg5 Nd5 17. Bf1 Rxc3 18. Nd4 a6 19. h4 Nd7 20. Bd2 Rc7 21. f4 g6 22. Rac1 Rac8 23. Kf2 h5 24. g3 Nc5 25. Be1 Ne4+ 26. Kg1 Rxc1 0-1


[Site "https://www.chess.com"]

[Event "Titled Tuesday Blitz August 16 Early 2022"]
[White "Bortnyk, Olexandr"]
[Black "Martinez Alcantara, Jose Eduardo"]
[WhiteFideId "14120828"]
[BlackFideId "3805662"]
[WhiteElo "2723"]
[BlackElo "2703"]
[Result "1-0"]
[Round "10"]
[TimeControl "180+1"]
[Date "2022.08.16"]
[WhiteClock "0:00:05"]
[BlackClock "0:00:02"]

1. d4 Nf6 2. Nc3 d5 3. Bf4 c5 4. e4 Nxe4 5. Nxe4 dxe4 6. d5 Qb6 7. Ne2 Bg4 8. h3 Bxe2 9. Bxe2 Nd7 10. O-O g6 11. c3 Bg7 12. Qa4 Rd8 13. Qxe4 O-O 14. Qc2 Rfe8 15. Rad1 Nf6 16. Bf3 Qa6 17. a4 c4 18. Rfe1 Nd7 19. Bc7 Rc8 20. Bg3 Nc5 21. Bg4 Rcd8 22. Bc7 Nd3 23. Bxd8 Nxe1 24. Rxe1 Rxd8 25. Rxe7 Rxd5 26. Qe4 Qd6 27. Rd7 Rd1+ 28. Bxd1 Qxd7 29. Bf3 Qxa4 30. Qxb7 Qa1+ 31. Kh2 Be5+ 32. g3 Qe1 33. Qxa7 Qd2 34. Qb6 Kg7 35. Kg1 Bf6 36. h4 h5 37. Qb5 Qd3 38. Bd5 Qd1+ 39. Kg2 Qb1 40. Qb7 Kh6 41. Qxf7 Bg7 42. Qe6 1-0


[Site "https://www.chess.com"]